cohdb
Replays
Latest Replays
All Replays
Popular Replays
Top Player Replays
Match Explorer
How It Works
Community
CoH3 Stats
Reddit
Sign in to upload your games and track your stats! →
Sign in with Steam
Match 45843574
Unlisted
Match 45843574
Overview
Messages
Build Orders
End
Royal Engineer Section
Construct Section Command Post
Selects Heavy Armor Battlegroup
Dingo Light Scout Car
Infantry Section
Construct Field Infirmary
Construct Platoon Command Post
Vickers Machine Gun Team
Selects Light Vehicle Withdraw and Refit
Humber Armored Car
Light Vehicle Withdraw and Refit
Selects Rigorous Vehicle Training
Infantry Section
Grenade Package
Selects UNKNOWN (202330)
Light Vehicle Withdraw and Refit
6-pounder Anti-tank Gun Team
Construct Company Command Post
Foot Guards Section
Crusader AA Medium Tank
Infantry Training
Selects Designate Targets
Selects Forward Repair Assembly
Selects UNKNOWN (2162094)
Churchill IV Heavy Tank
Armored Vehicle Training
Team Weapon Training
Churchill IV Heavy Tank
Designate Targets
Designate Targets
Churchill IV Heavy Tank
Designate Targets
CAuMOH
~SOK-BarbaPeñaloza
mongman
Cool Whhip
0
0
Comments
sign in to comment!
No comments posted yet!